 Dungeon Crawl Stone Soup version 0.22-a0-571-g4a923d4b9e (webtiles) character file.

378 Oirien the Cudgeler (level 6, 0/48 HPs)
             Began as a Demonspawn Fighter on July 1, 2018.
             Slain by an ogre
             ... wielding a +0 giant club
              (12 damage)
             ... on level 4 of the Dungeon.
             The game lasted 00:13:10 (4223 turns).

Oirien the Cudgeler (Demonspawn Fighter)            Turns: 4223, Time: 00:13:11

Health: 0/48       AC: 15    Str: 19    XL:     6   Next: 45%
Magic:  7/7        EV:  7    Int:  9    God:
Gold:   229        SH:  9    Dex: 12    Spells: 5/5 levels left

rFire    + . .     SeeInvis .   m - +0 mace (protect)
rCold    . . .     Gourm    .   c - +0 shield
rNeg     . . .     Faith    .   b - +0 scale mail
rPois    .         Spirit   .   (helmet restricted)
rElec    .         Reflect  .   (no cloak)
rCorr    .         Harm     .   o - +0 pair of gloves
MR       .....                  (no boots)
Stlth    ..........             (no amulet)
HPRegen  0.16/turn              (no ring)
MPRegen  0.10/turn              (no ring)

@: protection aura
A: antennae 2, fire resistance 1, powered by death 2
a: no special abilities


You were on level 4 of the Dungeon.
You were hungry.

You visited 1 branch of the dungeon, and saw 5 of its levels.

You collected 229 gold pieces.

Inventory:

Hand Weapons
 m - a +0 mace of protection (weapon)
Missiles
 g - 2 tomahawks (quivered)
Armour
 b - a +0 scale mail (worn)
 c - a +0 shield (worn)
 o - a +0 pair of gloves (worn)
Jewellery
 x - an uncursed ring of fire {unknown}
 z - a cursed amulet of inaccuracy {unknown}
Wands
 n - a wand of random effects (25)
Scrolls
 a - 2 scrolls of immolation {unknown}
 e - 14 scrolls of identify {unknown}
 s - a scroll of magic mapping {unknown}
 v - a scroll of fear {unknown}
 w - 2 scrolls of remove curse {unknown}
 y - a scroll of amnesia {unknown}
Potions
 d - a potion of might
 h - 2 potions of degeneration {unknown}
 i - a potion of heal wounds {unknown}
 j - a potion of brilliance {unknown}
 k - 2 potions of haste {unknown}
 l - 3 potions of flight {unknown}
 p - 2 potions of curing {unknown}
 q - 2 potions of cancellation {unknown}
 r - a potion of magic {unknown}
 u - a potion of lignification {unknown}
Comestibles
 f - 13 rations


   Skills:
 + Level 3.8 Fighting
 * Level 4.9 Maces & Flails
 - Level 3.3 Armour
 - Level 1.0 Dodging
 - Level 3.1 Shields
 * Level 1.4 Evocations


You had 5 spell levels left.
You didn't know any spells.
Your spell library was empty.

Dungeon Overview and Level Annotations

Branches:
Dungeon (5/15)
 Temple: D:4-7

Altars:
Ashenzari
Dithmenos
Fedhas
Hepliaklqana
Uskayaw
Vehumet
Wu Jian
Xom
Zin
The Shining One


Innate Abilities, Weirdness & Mutations

You have a pair of antennae on your head.
Your flesh is heat resistant. (rF+)
You regenerate health from kills.


Message History

The ogre is lightly wounded.
You are feeling hungry.
The ogre hits you with a giant club!
The crimson imp blinks!
You hit the ogre.
The ogre is moderately wounded.
You block the ogre's attack.
Your shield prevents you from hitting the ogre.
The ogre is moderately wounded.
The crimson imp blinks!
The ogre hits you with a giant club!
You sock the ogre!
The ogre is severely wounded.
You block the crimson imp's attack. The ogre hits you with a giant club!
* * * LOW HITPOINT WARNING * * *
The crimson imp blinks!
You are too injured to fight recklessly!
You are too injured to fight recklessly!
You sock the ogre!
The ogre is almost dead.
The ogre hits you with a giant club!
You die...

####.....#############.##
........<...........<...#
####.#.#########.#####..#
#.#.# #.# #..# #.#.# #5# #..#
#.#.# #.# #..## #.#.# #[#
##<..## #...# #.# ##.....##
####.#.#########@# #.......#
.......#.......O§# #.......#
####.#.#.######### #.......#
####.#.#.# ##.....##
.....#.#.#############...##
####.#.#.#.............÷####
####.#.#.#.#.#######.##.)..##
.....#.#.#.#.# #.#..##..#
####.......#.# ###.####.#


You could see an ogre and a crimson imp.

Vanquished Creatures
  An ogre (D:4)
  A hound (D:5)
  2 worker ants (D:4)
  4 gnolls (D:4)
  7 adders
  2 oozes
  4 worms
  6 leopard geckos
  5 orcs
  6 bats
  4 giant cockroaches
  7 goblins
  11 hobgoblins
  2 jackals (D:3)
  3 quokkas
  3 frilled lizards
  16 kobolds
  12 rats
96 creatures vanquished.

Notes
Turn   | Place    | Note
-------+----------+-------------------------------------------
     0 | D:1      | Oirien the Demonspawn Fighter began the quest for the Orb.
     0 | D:1      | Reached XP level 1. HP: 18/18 MP: 1/1
   171 | D:1      | Gained mutation: You have a pair of small antennae on your head. [demonic ancestry]
   171 | D:1      | Reached XP level 2. HP: 19/24 MP: 2/2
   632 | D:1      | Reached skill level 2 in Maces & Flails
   917 | D:1      | Gained mutation: You have a pair of antennae on your head. [demonic ancestry]
   917 | D:1      | Reached XP level 3. HP: 29/29 MP: 3/3
  1213 | D:2      | Found a shimmering altar of Xom.
  1626 | D:2      | Found a radiant altar of Vehumet.
  1665 | D:2      | Found a hide-covered altar of Uskayaw.
  1672 | D:2      | Gained mutation: You regenerate a little health from kills. [demonic ancestry]
  1672 | D:2      | Reached XP level 4. HP: 34/35 MP: 4/4
  2201 | D:3      | Reached skill level 1 in Dodging
  2241 | D:3      | Found a shattered altar of Ashenzari.
  2343 | D:3      | Reached skill level 3 in Maces & Flails
  2436 | D:3      | Found a shadowy altar of Dithmenos.
  2786 | D:3      | Gained mutation: You regenerate health from kills. [demonic ancestry]
  2786 | D:3      | Reached XP level 5. HP: 41/41 MP: 5/5
  3007 | D:4      | Noticed an ogre
  3020 | D:4      | Killed an ogre
  3020 | D:4      | Reached skill level 4 in Maces & Flails
  3020 | D:4      | Reached skill level 1 in Evocations
  3134 | D:4      | Gained mutation: Your flesh is heat resistant. (rF+) [demonic ancestry]
  3134 | D:4      | Reached XP level 6. HP: 48/48 MP: 6/6
  3190 | D:4      | Found a hazy altar of Hepliaklqana.
  3424 | D:4      | Found a glowing silver altar of Zin.
  3712 | D:4      | Found a shattered altar of Ashenzari.
  3713 | D:4      | Found a glowing golden altar of the Shining One.
  3776 | D:4      | Found an ornate altar of the Wu Jian Council.
  3865 | D:4      | Found a blossoming altar of Fedhas.
  4127 | D:5      | Entered Level 5 of the Dungeon
  4223 | D:4      | Slain by an ogre

Vault maps used:
D:1:      onia_arrival_mini_spirals, minmay_vboxes
D:2:      vehumet_crystals, eat_drink_and_be_merry_uskayaw, xom_butterflies,
          nrook_loot_triangle
D:3:      nicolae_overflow_hidden_temple, first_ration,
          cheibrodos_ashenzari_chains
D:4:      lemuel_doored_altar, lemuel_round_altar,
          gammafunk_temple_overflow_forgotten, fedhas_altar_fruit_tree
D:5:      minmay_temple_entry_crystal_x, serial_undead, serial_undead_b,
          serial_undead_a, serial_undead_d, serial_undead_d, serial_undead_d

Skill      XL: |  1  2  3  4  5 |
---------------+----------------+-----
Maces & Flails | 2 3 4 |  4.9
Armour         | 3 |  3.3
Shields        | 3 |  3.1
Dodging        | 1 |  1.0
Evocations     | 1 |  1.4
Fighting       | |  3.8

Action                   |  1- 3 |  4- 6 || total
-------------------------+-------+-------++-------
Melee: Flail             |   126 |       ||   126
       Mace              |    41 |   263 ||   304
  Eat: Chunk             |     3 |     8 ||    11
Armor: Scale mail        |   105 |   143 ||   248
Dodge: Dodged            |    69 |    78 ||   147
Block: Shield            |   127 |   155 ||   282

Table legend:
 A = Spawn XP
 B = Non-spawn XP
 C = Spawn XP percentage of total XP
 D = Spawn monster count
 E = Non-spawn monster count
 F = Spawn count percentage of total count
 G = Total turns spent on level
                    A         B        C        D         E        F      G
               +---------+---------+-------+---------+---------+-------+---------
         Total |       0 |     540 |   0.0 |       0 |      96 |   0.0 |  4223
               +---------+---------+-------+---------+---------+-------+---------
           D:1 |       0 |      52 |   0.0 |       0 |      34 |   0.0 |  1340
           D:2 |       0 |      81 |   0.0 |       0 |      21 |   0.0 |   786
           D:3 |       0 |      66 |   0.0 |       0 |      23 |   0.0 |   776
           D:4 |       0 |     299 |   0.0 |       0 |      17 |   0.0 |  1309
           D:5 |       0 |      42 |   0.0 |       0 |       1 |   0.0 |    12
               +---------+---------+-------+---------+---------+-------+---------
